AoeStats
← marius.zwei91

Golden Pit

508962592Analyzed
1v1 RM · 9d ago on Sep 24, 2026· 40m 35s· 2 players
Game mode
Random Map
Map size
Tiny (2 player)
Population
200
Speed
Normal
Resources
Standard
Victory
Conquest
Starting age
Dark Age
Ending age
Imperial Age
RankedLock teamsTeams togetherTeam positionsShared explorationLock speedFull tech treeHidden civsTurbo modeCheats
Victory
Defeat
🇨🇱 Turks · Chile
815
+15
🇩🇪 Gurjaras · Germany
785
-15
marius.zwei91
9:02 Loom
12:33 Feudal Age
16:34 Castle Age
14:57 Man-at-Arms
22:17 Long Swordsman
27:52 Double-Bit Axe
28:58 Forging
28:39 Elite Skirmisher
30:52 Fletching
35:29 Imperial Age
Guaco
6:03 Loom
11:00 Feudal Age
11:47 Double-Bit Axe
15:49 Wheelbarrow
17:54 Horse Collar
22:19 Castle Age
20:50 Fletching
21:01 Padded Archer Armor
21:20 Padded Archer Armor
21:15 Stone Mining
22:08 Bloodlines
22:35 Gold Mining
23:16 Husbandry
24:15 Bow Saw
26:04 Scale Barding Armor
29:51 Wheelbarrow
30:22 Thumb Ring
32:34 Leather Archer Armor
32:56 Heavy Plow
33:55 Gold Shaft Mining
37:22 Imperial Age
36:36 Ballistics
36:12 Murder Holes
38:04 Sipahi
40:11 Two-Man Saw
Connection lost

Rejoining the realm…

Still unreachable

The connection could not be restored.

Session expired

The server has moved on; the page needs a fresh start.